 Dungeon Crawl Stone Soup version 0.20.1-1-g8b1a95d (console) character file.

465 hilaritas the Chopper (level 7, -1/54 HPs)
             Began as a Formicid Fighter on Nov 26, 2017.
             Slain by a phantom (6 damage)
             ... on level 4 of the Dungeon.
             The game lasted 00:08:00 (3629 turns).

hilaritas the Chopper (Formicid Fighter)            Turns: 3629, Time: 00:08:01

Health: -1/54      AC:  8    Str: 23    XL:     7   Next: 29%
Magic:  7/7        EV:  8    Int:  7    God:
Gold:   212        SH: 10    Dex: 10    Spells: 6/6 levels left

rFire    . . .     SeeInvis +   a - +0 war axe
rCold    . . .     Gourm    .   c - +0 shield
rNeg     . . .     Faith    .   b - +0 scale mail
rPois    .         Spirit   .   (helmet unavailable)
rElec    .         Reflect  .   (no cloak)
rCorr    .         Harm     .   p - +0 pair of gloves
MR       .....                  (no boots)
Stlth    ..........             (no amulet)
Regen    0.2/turn               (no ring)
MPRegen  0.1/turn               (no ring)

@: flying
A: permanent stasis, dig shafts and tunnels, four strong arms, antennae 3
a: Dig, Shaft Self


You were on level 4 of the Dungeon.
You were not hungry.

You visited 1 branch of the dungeon, and saw 4 of its levels.

You collected 212 gold pieces.

Inventory:

Hand Weapons
 a - a +0 war axe (weapon)
 j - a +0 whip
 m - a +3 hand axe
Armour
 b - a +0 scale mail (worn)
 c - a +0 shield (worn)
 p - a +0 pair of gloves (worn)
Jewellery
 y - an uncursed ring of ice
Wands
 g - a wand of digging (16/24)
 x - a wand of lightning (6/15)
Scrolls
 n - a scroll of remove curse
 r - 2 scrolls of identify
Potions
 h - a potion of curing
 i - a potion of agility {unknown}
 k - a potion of brilliance {unknown}
 o - a potion of lignification
 s - a potion of haste {unknown}
 t - a potion of flight
Comestibles
 f - 3 bread rations
 l - a chunk of flesh
 q - a meat ration
 u - a royal jelly


   Skills:
 + Level 4.1 Fighting
 * Level 6.2 Axes
 - Level 3.2 Armour
 + Level 5.1 Shields


You had 6 spell levels left.
You didn't know any spells.

Dungeon Overview and Level Annotations

Branches:
Dungeon (4/15)
 Temple: D:4-7

Altars:


Innate Abilities, Weirdness & Mutations

You cannot be hasted, slowed, berserked, paralysed or teleported.
You can dig through walls and to a lower floor.
Your four strong arms can wield two-handed weapons with a shield.
You have a pair of large antennae on your head. (SInv)


Message History

You see here 10 gold pieces.
The phantom barely misses you.
You barely miss the phantom.
The phantom is severely damaged.
The phantom hits you!
* * * LOW HITPOINT WARNING * * *
The phantom closely misses you.
You closely miss the phantom.
The phantom is severely damaged.
You block the phantom's attack.
It was a potion of flight.
You feel very buoyant.
You fly up into the air.
You block the phantom's attack.
You hit the phantom.
The phantom is severely damaged.
The phantom hits you but does no damage.
You barely miss the phantom.
The phantom is severely damaged.
The phantom hits you.
You die...

.#######...#..........
...........'..........
...........#.##..#....
........####.##..+....
.##.###)####+##.##....
g##.###.......#.###+#.
..............+.......
.##.###.......# ###.##
#...........# #. #
#...W.......'. #.##
###.####@#.####.##. #...
........$......... ......
.......))..$....##...####
###.####.#.###.## # #)#.#
# #(#.. #.#### #.# #.#
#.# #..


You could see a phantom.

Vanquished Creatures
  An ogre (D:4)
  2 howler monkeys (D:4)
  An iguana (D:4)
  2 worker ants (D:4)
  A howler monkey skeleton (D:3)
  4 gnolls (D:4)
  6 adders
  An ooze (D:3)
  6 worms
  2 dart slugs
  7 leopard geckos
  6 orcs
  6 bats
  3 giant cockroaches
  6 goblins
  7 hobgoblins
  8 jackals (D:3)
  5 quokkas
  A ball python (D:1)
  4 frilled lizards
  7 kobolds
  10 rats
96 creatures vanquished.

Notes
Turn   | Place    | Note
-------+----------+-------------------------------------------
     0 | D:1      | hilaritas the Formicid Fighter began the quest for the Orb.
     0 | D:1      | Reached XP level 1. HP: 18/18 MP: 1/1
    95 | D:1      | Reached XP level 2. HP: 19/24 MP: 2/2
   691 | D:1      | Reached XP level 3. HP: 24/29 MP: 3/3
   849 | D:2      | Reached skill level 3 in Axes
   990 | D:2      | Reached XP level 4. HP: 35/35 MP: 4/4
  1421 | D:2      | Reached skill level 4 in Axes
  1694 | D:2      | Reached XP level 5. HP: 41/41 MP: 5/5
  3138 | D:4      | Reached XP level 6. HP: 44/48 MP: 6/6
  3225 | D:4      | Reached skill level 5 in Axes
  3314 | D:4      | Reached skill level 5 in Shields
  3513 | D:4      | Noticed an ogre
  3523 | D:4      | Killed an ogre
  3523 | D:4      | Reached XP level 7. HP: 38/54 MP: 7/7
  3525 | D:4      | Reached skill level 6 in Axes
  3629 | D:4      | Slain by a phantom

Skill      XL: |  1  2  3  4  5  6  7 |
---------------+----------------------+-----
Shields        | 4 5 |  5.1
Axes           | 3 4 5 6 |  6.2
Fighting       | 4 |  4.1
Armour         | |  3.2

Action                   |  1- 3 |  4- 6 |  7- 9 || total
-------------------------+-------+-------+-------++-------
Melee: War axe           |    96 |   227 |    35 ||   358
Evoke: Wand              |       |       |     1 ||     1
  Use: Scroll            |       |     8 |       ||     8
       Potion            |       |       |     6 ||     6
  Eat: Chunk             |       |     9 |       ||     9
Armor: Scale mail        |    32 |    79 |    12 ||   123
       Skin              |       |       |    14 ||    14
Dodge: Dodged            |    32 |    91 |    11 ||   134
Block: Shield            |    49 |   123 |    30 ||   202
